 Dungeon Crawl Stone Soup version 0.29-a0-994-gc5c9f59d18 (webtiles) character file.

Game seed: 281753606509936195

72772 djsbf the Unseen (level 15, -12/66 (77) HPs)
             Began as a Spriggan Enchanter on Aug 3, 2022.
             Was the Champion of Dithmenos.
             Killed from afar by an orc sorcerer (37 damage)
             ... with a bolt of negative energy
             ... on level 2 of the Orcish Mines.
             The game lasted 00:48:17 (26206 turns).

djsbf the Unseen (Spriggan Enchanter)              Turns: 26206, Time: 00:48:17

HP:   -12/66 (77)   AC: 10    Str: 10    XL:     15   Next: 2%
MP:   34/34         EV: 29    Int: 18    God:    Dithmenos [******]
Gold: 1768          SH:  5    Dex: 22    Spells: 17/43 levels left

rFire   . . .      SeeInvis +   i - +7 dagger (venom)
rCold   + . .      Faith    .   (no shield)
rNeg    . . .      Spirit   .   t - +1 steam dragon scales
rPois   .          Reflect  +   (helmet restricted)
rElec   .          Harm     .   (no cloak)
rCorr   .          Rampage  .   (gloves unavailable)
Will    ++...                   (boots unavailable) Stlth **++++++++
                                e - amulet of reflection
HPRegen 0.21/turn               q - +4 ring of protection
MPRegen 0.24/turn               b - +6 ring of dexterity

@: wreathed by umbra, heavily drained, very quick
A: very small, no large weapons, unfitting armour, see invisible, speed 3, cold
resistance 1, mutation resistance 1, screaming 1
a: Renounce Religion, Shadow Step, Shadow Form


You were on level 2 of the Orcish Mines.
You worshipped Dithmenos.
Dithmenos was exalted by your worship.
You visited 4 branches of the dungeon, and saw 22 of its levels.
You also visited: Bailey.

You collected 1768 gold pieces.

Inventory:

Hand Weapons
 g - a +2 rapier of holy wrath
 i - a +7 dagger of venom (weapon)
 v - a +4 spectral dagger
 L - a +0 dagger of electrocution
Missiles
 n - 3 throwing nets (quivered)
Armour
 t - +1 steam dragon scales (worn)
Jewellery
 b - a +6 ring of dexterity (right hand)
 e - an amulet of reflection (around neck)
 l - an amulet of the acrobat
 q - a +4 ring of protection (left hand)
 D - a ring of magical power
 F - a ring of positive energy
 H - a +6 ring of strength
 K - a +6 ring of intelligence
Wands
 d - a wand of iceblast (7)
 y - a wand of flame (23)
Scrolls
 a - a scroll of magic mapping
 j - 9 scrolls of identify
 p - 5 scrolls of teleportation
 r - a scroll of vulnerability
 s - 3 scrolls of amnesia
 z - 4 scrolls of fear
 A - 2 scrolls of summoning
 B - a scroll of blinking
 E - a scroll of immolation
 I - a scroll of torment
Potions
 c - 4 potions of invisibility
 f - 2 potions of might
 h - 7 potions of lignification
 k - 6 potions of brilliance
 m - 3 potions of flight
 o - 5 potions of curing
 u - 3 potions of heal wounds
 w - a potion of haste
 x - 2 potions of magic
 C - a potion of resistance
 G - a potion of berserk rage
 J - a potion of ambrosia


   Skills:
 + Level 8.1 Fighting
 + Level 10.8 Short Blades
 + Level 13.0 Dodging
 + Level 17.6 Stealth
 + Level 14.6 Spellcasting
 - Level 5.0 Conjurations
 + Level 14.7 Hexes


You had 17 spell levels left.
You knew the following spells:

 Your Spells              Type           Power      Damage    Failure   Level
a - Ensorcelled Hibernat  Hex/Ice        78%        N/A       1%          2
b - Tukima's Dance        Hex            60%        N/A       1%          3
c - Dazzling Flash        Conj/Hex       96%        N/A       1%          3
d - Confusing Touch       Hex            60%        N/A       1%          3
e - Enfeeble              Hex            30%        N/A       10%         7
f - Yara's Violent Unrav  Hex/Tmut       19%        3d9       7%          5
g - Stone Arrow           Conj/Erth      44%        3d9       5%          3

Your spell library contained the following spells:

 Spells                   Type           Power      Damage    Failure   Level
 Slow                     Hex            100%       N/A       0%          1
 Necrotise                Necr           52%        1d6       4%          1
 Sandblast                Erth           26%        2d8       4%          1
 Silence                  Hex/Air        19%        N/A       7%          5
 Passwall                 Tmut/Erth      10%        N/A       8%          2
 Swiftness                Air            13%        N/A       16%         3
 Vampiric Draining        Necr           13%        2d6       16%         3
 Hailstorm                Conj/Ice       22%        3d7       19%         4
 Corpse Rot               Necr/Pois/Air  13%        N/A       45%         4
 Dispel Undead            Necr           13%        3d9       45%         4
 Ice Form                 Ice/Tmut       13%        N/A       45%         4
 Summon Lightning Spire   Summ/Air       13%        N/A       45%         4
 Agony                    Necr           13%        N/A       80%         5
 Death Channel            Necr           6%         N/A       100%        6
 Simulacrum               Ice/Necr       6%         N/A       100%        6
 Storm Form               Tmut/Air       6%         N/A       100%        7
 Maxwell's Capacitive Co  Air            6%         ∞         100%        8


Dungeon Overview and Level Annotations

Branches:
Dungeon (14/15)            Temple (1/1) D:4            Lair (5/5) D:10
 Shoals (0/4) Lair:2       Spider (0/4) Lair:2        Slime (0/5) Lair:5
    Orc (2/2) D:9          Vaults (0/5) D:13         Bailey (visited)
    Elf: Orc:2

Altars:
Cheibriados
Dithmenos
Elyvilon
Gozag
Hepliaklqana
Kikubaaqudgha
Makhleb
Nemelex Xobeh
Okawaru
Trog
Vehumet
Xom
Yredelemnul
Zin
The Shining One

Annotations:
D:9 2 transporters, antigravityiii's ghost, novice MiBe
Orc:2 Blork the orc; Sonja


Innate Abilities, Weirdness & Mutations

You are very small and have problems with some larger weapons.
You are too small for most types of armour.
You have supernaturally acute eyesight. (SInv)
You cover ground extremely quickly. (Speed+++)
Your flesh is cold resistant. (rC+)
You are somewhat resistant to further mutation.
You occasionally shout uncontrollably at your foes.


Message History

The orc warrior barely misses you.
An orc warrior comes into view. It is wielding a +0 dire flail.
An orc comes into view. It is wielding a +0 club.
An orc comes into view. It is wielding a +0 hand axe.
The orc warlord roars a battlecry!
The orcs go into a battle-frenzy!
The hellwing completely misses you. The hellwing closely misses you.
An orc priest comes into view. It is wielding a +0 short sword.
The orc warrior completely misses you.
Unknown command.
Unknown command.
Unknown command.
An orc wizard comes into view. It is wielding a +0 dagger.
The orc sorcerer gestures at you while chanting.
The bolt of negative energy hits you!!!
You feel drained.
Ouch! That really hurt!
You emit a cloud of dark smoke.
Unknown command.
Blork the orc gestures at you while chanting.
The puff of flame misses you.
Unknown command.
Aiming: Iceblast
Press: ? - help, Shift-Dir - straight line The mass of ice explodes!
The iceblast engulfs the orc sorcerer.
Flame seeps out of the orc sorcerer.
The orc sorcerer is lightly wounded.
The iceblast engulfs the rust devil!
The rust devil partially resists.
Flame seeps out of the rust devil.
The rust devil is lightly wounded.
The iceblast engulfs Blork the orc!
Flame seeps out of Blork the orc.
Blork the orc is moderately wounded.
You hear a howl!
You hear a shout!
The orc sorcerer casts a spell at you.
The bolt of negative energy hits the rust devil.
The rust devil completely resists.
The bolt of negative energy hits the hellwing.
The hellwing completely resists.
The bolt of negative energy hits you!!!
You feel drained.
Ouch! That really hurt!
You die...

...............##
................#
.......#.......#####
.......#...........### ...
.....####............# #...
.......##........§§..# .....
......###......#.§§§#####oo...
#................§§§§§8o......
................@4o§§K........
##...........##....4K§.ooO...o
#.........####.....oh.ooo...o
##.#.......# #..#..o.8...o..o
###.....####...#..#####o...o
#..#..# ##.#...# .... #######
####.## ... ### .. .


You could see a hellwing (summoned, inner flame), a rust devil (summoned, inner
flame), a warg (inner flame), an orc sorcerer (inner flame, strong), Blork the
orc (fast, inner flame, strong), Sonja (inner flame) and an orc warrior (inner
flame, strong).

Vanquished Creatures
  Snorg (D:11)
  Josephine (D:11)
  6 vault guards
  6 hydras
  A boulder beetle (Lair:3)
  An ice dragon (Lair:5)
  3 two-headed ogres
  5 catoblepae
  A tengu warrior (D:14)
  8 death yaks
  Urug (D:11)
  Lodul (D:11)
  An orc knight (Orc:1)
  A wizard (D:14)
  2 deep elf pyromancers (D:14)
  An oklob plant (D:10)
  11 ugly things
  An orc sorcerer (Orc:1)
  3 cyclopes
  4 manticores
  6 elephants (Lair:5)
  9 black mambas
  11 cane toads
  2 efreet (D:13)
  A torpor snail (Lair:2)
  2 unseen horrors (D:10)
  2 kobold demonologists (D:12)
  9 komodo dragons
  A tengu conjurer (D:14)
  12 trolls
  A polar bear (Lair:5)
  8 slime creatures
  Prince Ribbit (Bailey)
  5 blink frogs
  7 dream sheep (Lair:3)
  Sigmund (D:2)
  4 jumping spiders (Lair:2)
  2 culicivoras (Lair:2)
  7 humans (Bailey)
  44 yaks
  3 wyverns
  4 basilisks
  5 wraiths (D:11)
  Grum (D:8)
  A basilisk (shapeshifter) (D:13)
  2 steam dragons
  15 vampire mosquitoes
  A warg (Orc:2)
  17 water moccasins
  A hornet zombie (D:8)
  9 orc warriors
  4 ice beasts
  3 black bears
  11 ogres
  A sky beast (D:7)
  16 wolves
  4 centaurs
  A phantom (D:6)
  2 kobold brigands (D:12)
  2 scorpions
  16 bullfrogs
  4 necrophages
  9 wights
  4 killer bees (D:9)
  An electric eel (Lair:4)
  A centaur zombie (D:8)
  4 hounds
  A human zombie (D:8)
  A gnoll bouda (D:5)
  11 orc priests
  4 jellies
  2 iguanas
  7 hell rats (Lair:1)
  18 orc wizards
  A killer bee zombie (D:8)
  2 mummies (D:8)
  6 adders
  10 gnolls
  2 shadow imps
  5 white imps
  2 ufetubi
  A worm (D:4)
  A dart slug (D:2)
  70 orcs
  8 ball pythons
  7 bats
  13 endoplasms
  3 giant cockroaches
  14 goblins
  4 hobgoblins
  8 jackals
  11 kobolds
  8 quokkas
  2 frilled lizards (D:2)
  7 rats
565 creatures vanquished.

Vanquished Creatures (collateral kills)
  An orc knight (Orc:1)
  2 orc warriors (Orc:1)
  A bullfrog (Bailey)
  10 wights
  2 gnolls (D:4)
  An orc (D:3)
  A ball python (D:3)
  A goblin (D:3)
  A frilled lizard (D:3)
20 creatures vanquished.

Vanquished Creatures (others)
  10 dancing weapons
  15 fungi
  16 plants
41 creatures vanquished.

Grand Total: 626 creatures vanquished

Notes
Turn   | Place    | Note
-------+----------+-------------------------------------------
     0 | D:1      | djsbf the Spriggan Enchanter began the quest for the Orb.
     0 | D:1      | Reached XP level 1. HP: 9/9 MP: 5/5
   556 | D:1      | Reached XP level 2. HP: 13/13 MP: 7/7
   559 | D:1      | Learned a level 2 spell: Ensorcelled Hibernation
  1001 | D:1      | Reached XP level 3. HP: 15/16 MP: 9/9
  2509 | D:2      | Found a faded altar of an unknown god.
  2524 | D:2      | Noticed Sigmund
  2531 | D:2      | Learned a level 3 spell: Tukima's Dance
  2540 | D:2      | Killed Sigmund
  2541 | D:2      | Reached skill level 5 in Spellcasting
  2541 | D:2      | Reached XP level 4. HP: 21/21 MP: 8/12
  2541 | D:2      | Reached XP level 5. HP: 24/24 MP: 8/13
  2557 | D:2      | Learned a level 3 spell: Confusing Touch
  2561 | D:2      | Learned a level 3 spell: Dazzling Flash
  3445 | D:3      | Noticed a water moccasin
  3460 | D:3      | Killed a water moccasin
  3461 | D:3      | Reached skill level 5 in Stealth
  3461 | D:3      | Reached XP level 6. HP: 21/28 MP: 10/15
  4308 | D:3      | Identified the +2 leather armour of Context {-Cast rPois
                  | rF+ rCorr}
  4720 | D:4      | Noticed an ice beast
  4737 | D:4      | Killed an ice beast
  4738 | D:4      | Reached skill level 6 in Stealth
  4738 | D:4      | Reached XP level 7. HP: 20/32 MP: 15/17
  5083 | D:4      | Reached skill level 7 in Stealth
  5351 | D:4      | Found a white marble altar of Elyvilon.
  5831 | D:4      | Found a staircase to the Ecumenical Temple.
  5837 | Temple   | Entered the Ecumenical Temple
  5882 | Temple   | Became a worshipper of Dithmenos the Shadowed
  6047 | D:5      | Entered Level 5 of the Dungeon
  6176 | D:5      | Reached skill level 8 in Stealth
  6176 | D:5      | Reached XP level 8. HP: 36/36 MP: 18/20
  6375 | D:5      | Identified the +0 pair of boots of the Eternal Fruit {rPois
                  | Str+4}
  6414 | D:5      | Found a shimmering altar of Xom.
  6780 | D:5      | Reached skill level 9 in Stealth
  6866 | D:5      | Reached * piety under Dithmenos
  7231 | D:5      | Found a snail-covered altar of Cheibriados.
  7800 | D:6      | Found a sparkling altar of Nemelex Xobeh.
  7825 | D:6      | Reached skill level 10 in Stealth
  7844 | D:6      | Found a bloodstained altar of Trog.
  8217 | D:6      | Found an ancient bone altar of Kikubaaqudgha.
  8374 | D:7      | Reached XP level 9. HP: 39/39 MP: 23/23
  9115 | D:7      | Reached skill level 1 in Fighting
  9198 | D:8      | Noticed Grum
  9219 | D:8      | Killed Grum
  9220 | D:8      | Reached skill level 11 in Stealth
  9426 | D:8      | Reached skill level 10 in Hexes
  9619 | D:8      | Reached skill level 5 in Dodging
  9622 | D:8      | Reached ** piety under Dithmenos
  9943 | D:8      | Reached XP level 10. HP: 44/47 MP: 10/24
 10026 | D:8      | Reached skill level 10 in Spellcasting
 10170 | D:8      | Found a basalt altar of Yredelemnul.
 10337 | D:8      | Found a faded altar of an unknown god.
 10337 | D:8      | Found a hazy altar of Hepliaklqana.
 10339 | D:8      | Found a faded altar of an unknown god.
 10709 | D:9      | Found a staircase to the Orcish Mines.
 10935 | D:9      | Found a flagged portal.
 10953 | D:9      | Reached *** piety under Dithmenos
 10975 | Bailey   | Entered a bailey
 11305 | Bailey   | Reached skill level 12 in Stealth
 11410 | Bailey   | Noticed Prince Ribbit
 11413 | Bailey   | Noticed a vault guard
 11553 | Bailey   | Killed Prince Ribbit
 11554 | Bailey   | Reached skill level 5 in Short Blades
 11564 | Bailey   | Killed a vault guard
 11743 | Bailey   | Noticed a vault guard
 11755 | Bailey   | Killed a vault guard
 11756 | Bailey   | Reached XP level 11. HP: 44/53 MP: 20/26
 11982 | D:9      | Identified the +0 chain mail "Henileno" {Dex+4}
 12029 | D:9      | Found a transporter.
 12029 | D:9      | Noticed antigravityiii's ghost (novice MiBe)
 12033 | D:9      | Noticed a centaur warrior
 12137 | D:9      | Reached **** piety under Dithmenos
 12195 | D:9      | Found a transporter.
 12585 | D:9      | Found a burning altar of Makhleb.
 12585 | D:9      | Found a glowing silver altar of Zin.
 12586 | D:9      | Noticed an angel
 12586 | D:9      | Noticed an Executioner
 12825 | D:10     | Entered Level 10 of the Dungeon
 12862 | D:10     | Reached skill level 13 in Stealth
 13469 | D:10     | Found a staircase to the Lair.
 13474 | D:10     | Noticed an oklob plant
 13480 | D:10     | Killed an oklob plant
 13516 | D:10     | Found a radiant altar of Vehumet.
 13516 | D:10     | Found a glowing golden altar of the Shining One.
 13882 | D:11     | Noticed a two-headed ogre
 13886 | D:11     | Killed a two-headed ogre
 14011 | D:11     | Noticed Urug
 14011 | D:11     | Noticed Lodul
 14011 | D:11     | Noticed Snorg
 14029 | D:11     | Reached skill level 5 in Fighting
 14042 | D:11     | Killed Urug
 14042 | D:11     | Reached ***** piety under Dithmenos
 14058 | D:11     | Noticed Josephine
 14064 | D:11     | Killed Lodul
 14065 | D:11     | Reached skill level 14 in Stealth
 14068 | D:11     | Reached XP level 12. HP: 60/60 MP: 25/28
 14076 | D:11     | Killed Josephine
 14106 | D:11     | Killed Snorg
 14423 | D:11     | Learned a level 7 spell: Enfeeble
 14462 | D:11     | Identified the +6 spear of Juineuxt {drain, rElec}
 15016 | D:12     | Found a glowing silver altar of Zin.
 15428 | D:13     | Found a gate to the Vaults.
 15428 | D:13     | Noticed a vault guard
 15428 | D:13     | Noticed a vault guard
 15428 | D:13     | Noticed a vault guard
 15428 | D:13     | Noticed a vault guard
 15428 | D:13     | Noticed a two-headed ogre
 15431 | D:13     | Killed a vault guard
 15433 | D:13     | Killed a vault guard
 15433 | D:13     | Killed a vault guard
 15434 | D:13     | Reached skill level 10 in Dodging
 15435 | D:13     | Reached skill level 15 in Stealth
 15437 | D:13     | Killed a two-headed ogre
 15437 | D:13     | Killed a vault guard
 16050 | D:13     | Noticed a catoblepas
 16059 | D:13     | Killed a catoblepas
 16060 | D:13     | Reached XP level 13. HP: 65/65 MP: 27/30
 17322 | D:14     | Reached skill level 16 in Stealth
 17967 | Lair:1   | Entered Level 1 of the Lair of Beasts
 18346 | Lair:1   | Reached ****** piety under Dithmenos
 19439 | Lair:2   | Found a hole to the Spider Nest.
 19512 | Lair:2   | Gained mutation: Potions are less effective at restoring
                  | your health. [potion of mutation]
 19512 | Lair:2   | Gained mutation: You have a pair of small horns on your
                  | head. [potion of mutation]
 19548 | Lair:2   | Lost mutation: You have a pair of small horns on your head.
                  | [potion of mutation]
 19548 | Lair:2   | Lost mutation: Potions are less effective at restoring your
                  | health. [potion of mutation]
 19548 | Lair:2   | Gained mutation: Your flesh is cold resistant. (rC+)
                  | [potion of mutation]
 19548 | Lair:2   | Gained mutation: You are somewhat resistant to further
                  | mutation. [potion of mutation]
 19548 | Lair:2   | Gained mutation: You occasionally shout uncontrollably at
                  | your foes. [potion of mutation]
 19962 | Lair:2   | Found a staircase to the Shoals.
 20238 | Lair:2   | Reached XP level 14. HP: 57/72 MP: 29/32
 20261 | Lair:2   | Reached skill level 10 in Short Blades
 20501 | Lair:2   | Identified the +5 trident of Delanuw {drain, rF+ rN+}
 21097 | Lair:3   | Reached skill level 17 in Stealth
 21407 | Lair:3   | Learned a level 5 spell: Yara's Violent Unravelling
 21531 | Lair:3   | Reached skill level 1 in Conjurations
 21535 | Lair:3   | Learned a level 3 spell: Stone Arrow
 22489 | Lair:4   | You fall into a shaft and drop 1 floor!
 22489 | Lair:5   | Entered Level 5 of the Lair of Beasts
 22687 | Lair:5   | Found a staircase to the Slime Pits.
 22704 | Lair:5   | Identified the +1 robe of Kikubaaqudgha's Fury {Harm
                  | Archmagi}
 22867 | Lair:4   | Reached skill level 5 in Conjurations
 25051 | Orc:1    | Entered Level 1 of the Orcish Mines
 25445 | Orc:2    | Entered Level 2 of the Orcish Mines
 25555 | Orc:1    | Reached XP level 15. HP: 77/77 MP: 34/34
 26194 | Orc:2    | Noticed Blork the orc
 26197 | Orc:2    | Noticed Sonja
 26198 | Orc:2    | Noticed an orc warlord
 26206 | Orc:2    | Killed from afar by an orc sorcerer

Illustrated notes

Levels and vault maps discovered:
D:1:      dpeg_arrival_arbitrary_c, layout_basic, serial_aquarium,
          aquarium_bridge_square [aquarium_subvault_bridge,
          aquarium_subvault_bridge, aquarium_subvault_window,
          aquarium_subvault_bridge], aquarium_bridge_straight
          [aquarium_subvault_bridge, aquarium_subvault_window,
          aquarium_subvault_bridge, aquarium_subvault_wall],
          aquarium_window_corridor_1, aquarium_window_double,
          aquarium_window_fake, aquarium_window_1, aquarium_view_2e,
          aquarium_view_2b, aquarium_pool_four, solitary_fountain, minmay_vboxes
D:2:      layout_basic, dreamdust_ecumenical_altar_angels_and_demons,
          serial_glass, glass_columns_b, glass_columns_b, glass_columns_a,
          glass_columns_b, glass_columns_b, glass_columns_b, glass_columns_c,
          glass_columns_c, uniq_sigmund
D:3:      layout_basic
D:4:      layout_loops_corners, elyvilon_altar_4, minmay_temple_entry_fiery,
          nrook_mini_backslash, nicolae_figureground_pulse
D:5:      layout_loops_ring, lemuel_crystal_altar,
          nicolae_overflow_crystal_walls, nrook_uturn
D:6:      layout_cave_pools, mainiacjoe_overflow_catch_the_wave,
          general_overflow_altar, kennysheep_another_room
D:7:      layout_loops_ring, grunt_decor_cap
D:8:      layout_cave_pools, nicolae_hepliaklqana_ecumenical_no_more,
          lemuel_mausoleum_altar_yredelemnul, uniq_grum
D:9:      layout_stronghold, grunt_temple_overflow_order_and_chaos_2,
          hiddenorc2_lemuel, enter_bailey_3, gammafunk_ghost_arena
D:10:     layout_basic, gammafunk_temple_overflow_pools, dpeg_oklobed_lair
D:11:     layout_basic, uniq_josephine, uniq_urug, uniq_lodul, uniq_snorg
D:12:     layout_rooms, zin_academy
D:13:     layout_basic, lightli_vaults_fourway_checkpoint
D:14:     layout_roguey, minmay_misc_feat_doors
Temple:   dpeg_chambers_temple
Lair:1:   layout_gridlike, grunt_megastairs_5
Lair:2:   layout_roguey, shoals_dummy_entry, nicolae_spider_entry_tight_spaces,
          grunt_megastairs_2
Lair:3:   layout_regular_city, grunt_megastairs_3
Lair:4:   layout_regular_city, grunt_megastairs_1, infiniplex_staircase_pool,
          serial_bayou_shore_b, serial_bayou_shore_b, lemuel_fruit_fields
Lair:5:   evilmike_catoblepas_cave, layout_small_grid, slime_entry_1,
          bobbens_ice_dragon_lair
Orc:1:    layout_caves
Orc:2:    grunt_orc_cross, layout_diamond_mine, uniq_sonja

Skill      XL: |  1  2  3  4  5  6  7  8  9 10 11 12 13 14 |
---------------+-------------------------------------------+-----
Spellcasting   | 3 5 6 7 9 10 11 12 13 14 | 14.6
Hexes          | 4 6 8 9 10 11 12 13 14 | 14.7
Stealth        | 5 6 8 10 11 12 14 15 16 17 | 17.6
Dodging        | 5 7 9 10 12 13 | 13.0
Short Blades   | 3 5 7 8 9 10 | 10.8
Fighting       | 2 3 5 6 7 8 |  8.1
Conjurations   | 5 |  5.0

Action                   |  1- 3 |  4- 6 |  7- 9 | 10-12 | 13-15 || total
-------------------------+-------+-------+-------+-------+-------++-------
Melee: Dagger            |   148 |   133 |   303 |   543 |   717 ||  1844
       Punch             |       |     2 |     6 |    10 |     6 ||    24
 Cast: Ensorcelled Hiber |     9 |     3 |    27 |    43 |   120 ||   202
       Tukima's Dance    |     1 |     3 |    16 |    32 |     5 ||    57
       Confusing Touch   |       |     2 |     8 |    15 |     1 ||    26
       Dazzling Flash    |       |       |       |       |    17 ||    17
Invok: Shadow Step       |       |       |       |       |     5 ||     5
Evoke: Wand              |       |       |     2 |    16 |     9 ||    27
  Use: Scroll            |     2 |    11 |     9 |     9 |    11 ||    42
       Potion            |       |     1 |     1 |     3 |     4 ||     9
 Stab: Sleeping          |    14 |     9 |    38 |    60 |   126 ||   247
       Distracted        |     1 |     1 |     2 |     2 |     6 ||    12
       Confused          |       |     2 |     8 |    14 |     1 ||    25
       Invisible         |       |       |       |    15 |    11 ||    26
       Petrified         |       |       |       |       |     1 ||     1
Armor: Robe              |    22 |     8 |    17 |       |       ||    47
       Steam dragon scal |       |       |    15 |    46 |    44 ||   105
Dodge: Dodged            |    86 |    77 |   198 |   408 |   488 ||  1257
Block: Other             |    22 |    25 |    69 |    95 |   109 ||   320
       Reflection        |       |       |     1 |     2 |     3 ||     6

Table legend: (Time is in decaauts)
 A = Elapsed time spent in this place.
 B = Non-inter-level travel time spent in this place.
 C = Inter-level travel time spent in this place.
 D = Time resting spent in this place.
 E = Time spent auto-exploring this place.
 F = Levels seen in this place.
 G = Mean time per level.
                   A        B        C        D        E       F      G
               +--------+--------+--------+--------+--------+-----+--------+
         Total |  20225 |  19661 |    564 |   1836 |  14215 |  23 |  879.3 |
       Dungeon |  13261 |  12882 |    379 |   1095 |   9392 |  14 |  947.2 |
        Temple |     33 |     28 |      5 |      0 |     15 |   1 |   33.0 |
          Lair |   5278 |   5117 |    161 |    373 |   3863 |   5 | 1055.6 |
  Orcish Mines |    883 |    865 |     18 |      0 |    720 |   2 |  441.5 |
        Bailey |    769 |    769 |      0 |    367 |    224 |   1 |  769.0 |
               +--------+--------+--------+--------+--------+-----+--------+

Top non-repeatable levels by time:
     D:1: 1855 daAuts
     D:8: 1253 daAuts
    D:13: 1240 daAuts
  Lair:1: 1226 daAuts
     D:4: 1082 daAuts
  Lair:5: 1079 daAuts
  Lair:2: 1026 daAuts
     D:3: 1019 daAuts
     D:5: 998 daAuts
  Lair:3: 979 daAuts
     D:9: 979 daAuts
  Lair:4: 967 daAuts
    D:10: 818 daAuts
   Orc:1: 810 daAuts
     D:6: 805 daAuts
